 Dungeon Crawl Stone Soup version 0.19.5 (webtiles) character file.

9445 greprep the Carver (level 11, 0/142 HPs)
             Began as a Minotaur Fighter on May 2, 2017.
             Was a Priest of Qazlal.
             Slain by a crocodile (9 damage)
             ... on level 1 of the Lair of Beasts.
             The game lasted 00:44:30 (9616 turns).

greprep the Carver (Minotaur Fighter)               Turns: 9616, Time: 00:44:30

Health: 0/142      AC: 25    Str: 24 (26) XL:     11   Next: 23%
Magic:  3/3        EV:  2    Int:  3 (5)  God:    Qazlal [***...]
Gold:   355        SH: 17    Dex: 10 (11) Spells: 0 memorised, 10 levels left

rFire  . . .     SeeInvis .     N - +3 long sword (antimagic)
rCold  . . .     Gourm    .     (armour currently unavailable)
rNeg   + + +     Faith    .     c - +0 shield
rPois  +         Spirit   .     (helmet currently unavailable)
rElec  .         Reflect  .     (cloak currently unavailable)
rCorr  .         Harm     .     (gloves currently unavailable)
MR     .....     NoTele   +     (boots currently unavailable)
Stlth  +.........               n - amulet of magic regeneration
                                (no ring)
                                (no ring)

@: mighty, tree-form
A: (retaliatory headbutt), (horns 0), clumsy 1, (fire resistance 0), high mp 1,
(sturdy frame 0)
a: Upheaval, Elemental Force, Renounce Religion


You were on level 1 of the Lair of Beasts.
You worshipped Qazlal.
Qazlal was most pleased with you.
You were not hungry.
You were a tree.
You visited 3 branches of the dungeon, and saw 11 of its levels.

You collected 475 gold pieces.
You spent 120 gold pieces at shops.

Inventory:

Hand Weapons
 a - a +0 long sword
 m - a +0 vampiric halberd
 N - a +3 antimagic long sword (weapon)
Missiles
 q - 5 javelins (quivered)
Armour
 c - a +0 shield (worn)
 g - a +2 plate armour (melded)
 l - a +2 pair of boots (melded)
 A - a +0 pair of gloves (melded)
 J - the +1 robe of Recklessness {*Slow Regen+ Str+8, unknown}
   (You found it on level 7 of the Dungeon)

   It affects your strength (+8).
   It increases your rate of regeneration.
   It may slow you when you take damage.
 L - a +0 pair of gloves
Jewellery
 n - an amulet of magic regeneration (around neck)
 x - a cursed ring of teleportation {unknown}
 F - an uncursed ring of resist corrosion {unknown}
 H - a +4 ring of intelligence {unknown}
 M - a +6 ring of dexterity {unknown}
Wands
 p - a wand of paralysis (16/24)
 B - a wand of teleportation (9/9)
 E - a wand of confusion (32/48)
 P - a wand of flame (8/48)
Scrolls
 b - 2 scrolls of blinking {unknown}
 f - a scroll of magic mapping
 i - a scroll of fog {unknown}
 o - 2 scrolls of noise
 r - 5 scrolls of teleportation
 t - a scroll of identify
 y - 5 scrolls of remove curse
 D - 2 scrolls of recharging
 I - 3 scrolls of random uselessness {unknown}
Potions
 j - a potion of flight
 z - a potion of agility
 K - 4 potions of brilliance
Books
 G - a book of Battle

   Spells                             Type                      Level
   a - Infusion                       Charms                       1
   b - Shroud of Golubria             Charms/Translocation         2
   c - Song of Slaying                Charms                       2
   d - Spectral Weapon                Hexes/Charms                 3
   e - Regeneration                   Charms/Necromancy            3
Comestibles
 s - a bread ration
 v - 5 meat rations
 w - 9 royal jellies


   Skills:
 + Level 8.5 Fighting
 + Level 12.2 Long Blades
 + Level 2.6 Throwing
 + Level 10.1 Armour
 + Level 2.1 Dodging
 + Level 11.7 Shields


You had 10 spell levels left.
You didn't know any spells.

Dungeon Overview and Level Annotations

Branches:
Dungeon (9/15)             Temple (1/1) D:5            Lair (1/6) D:9
    Orc: D:9-12

Altars:
Ashenzari
Cheibriados
Dithmenos
Elyvilon
Fedhas
Gozag
Hepliaklqana
Kikubaaqudgha
Makhleb
Nemelex Xobeh
Okawaru
Qazlal
Ru
Sif Muna
Trog
Uskayaw
Vehumet
Xom
Yredelemnul
Zin
The Shining One

Shops:
D:4 ![*   D:5 !   D:7 }


Innate Abilities, Weirdness & Mutations

((You reflexively headbutt those who attack you in melee.))
((You have a pair of horns on your head.))
You are clumsy. (Dex -2)
((Your flesh is heat resistant. (rF+)))
You have an increased reservoir of magic. (+10% MP)
((Your movements are slightly less encumbered by armour. (ER -2)))


Message History

The wolf is almost dead.
You hear a bellow! x2
The wolf bites you but does no damage.
You slash the wolf!
You kill the wolf!
Qazlal accepts your kill.
A yak comes into view.
A yak comes into view.
You cannot move.
You slash the yak!
The yak is heavily wounded.
You block the yak's attack.
You slash the yak!
The yak is severely wounded.
You block the yak's attack.
A yak comes into view.
You barely miss the yak.
The yak is severely wounded.
The crocodile bites you!
You die...

................
.....≈.........H ..
...≈.≈≈≈≈≈≈.... ..
....≈≈≈≈≈≈≈≈.# #.
#Y≈≈≈≈≈≈≈≈≈.###.
##.#####Y≈≈≈≈.≈≈≈≈≈....
#......#≈≈≈≈.<.≈≈≈≈..#
#.....>#Y≈≈≈≈..≈≈≈..##
#.....†♣Y≈≈≈≈≈≈≈≈≈...#.
#.#...##t.≈≈≈≈≈≈≈≈.....
.##.###.###.≈≈≈≈≈≈≈...##.
......Srr....≈≈≈.≈.####
.......lH....##.###.###
.......................
........................
........................
........................


You could see 4 yaks and a crocodile.

Vanquished Creatures
  Erolcha (D:9)
  A death yak (D:9)
  Pikel (D:8)
  A komodo dragon (Lair:1)
  A hornet (D:7)
  A two-headed ogre (D:9)
  A hippogriff (Lair:1)
  A wyvern (D:8)
  8 yaks (D:9)
  A hungry ghost (D:8)
  2 water moccasins (Lair:1)
  2 porcupines
  2 sky beasts
  4 orc warriors
  3 ice beasts
  A slave (D:8)
  A necrophage (D:8)
  A phantom (D:8)
  5 centaurs
  4 ogres
  A wolf (Lair:1)
  2 big kobolds
  5 bullfrogs
  A water moccasin zombie (D:7)
  7 scorpions
  12 killer bees (D:9)
  3 wights (D:8)
  A bullfrog zombie (D:5)
  4 crimson imps
  A howler monkey (D:4)
  A centaur zombie (D:7)
  6 hounds
  2 quasits
  5 orc priests
  3 bullfrog skeletons
  5 orc wizards
  Crazy Yiuf (D:2)
  A human skeleton (D:2)
  Natasha (D:4)
  4 iguanas
  9 worker ants
  A killer bee zombie (D:6)
  2 hound zombies
  3 hound skeletons
  7 gnolls
  14 adders
  3 shadow imps
  3 oozes
  An adder zombie (D:7)
  4 worms
  6 dart slugs
  2 leopard geckos
  17 orcs
  A giant cockroach (D:1)
  10 goblins
  9 hobgoblins
  13 jackals
  10 kobolds
  3 quokkas
  7 bats
  6 frilled lizards
  A goblin skeleton (D:2)
  2 leopard gecko skeletons
  A quokka zombie (D:5)
  10 rats
253 creatures vanquished.

Vanquished Creatures (others)
  An adder (D:2)
  A bat (D:8)
  17 fungi
19 creatures vanquished.

Grand Total: 272 creatures vanquished

Notes
Turn   | Place    | Note
-------+----------+-------------------------------------------
     0 | D:1      | greprep the Minotaur Fighter began the quest for the Orb.
     0 | D:1      | Reached XP level 1. HP: 19/19 MP: 0/0
    89 | D:1      | Reached XP level 2. HP: 26/27 MP: 1/1
   326 | D:1      | Reached skill level 3 in Long Blades
   326 | D:1      | Reached XP level 3. HP: 30/33 MP: 2/2
   783 | D:2      | Found a runed door.
   783 | D:2      | Noticed a human
   791 | D:2      | Reached XP level 4. HP: 38/40 MP: 3/3
   796 | D:2      | Found a basalt altar of Yredelemnul.
   936 | D:2      | Reached skill level 4 in Long Blades
   987 | D:2      | Found a faded altar of an unknown god.
  1009 | D:2      | Reached XP level 5. HP: 44/46 MP: 4/4
  1126 | D:2      | Found a runed door.
  1279 | D:2      | Noticed Crazy Yiuf
  1286 | D:2      | Killed Crazy Yiuf
  1328 | D:3      | Noticed a sky beast
  1356 | D:3      | Killed a sky beast
  1356 | D:3      | Reached skill level 5 in Armour
  1356 | D:3      | Reached skill level 5 in Shields
  1356 | D:3      | Reached XP level 6. HP: 31/53 MP: 5/5
  1616 | D:3      | Reached skill level 5 in Long Blades
  1956 | D:3      | Found a bloodstained altar of Trog.
  2099 | D:3      | Gained mutation: You have an increased reservoir of magic. (+10% MP) [potion of mutation]
  2099 | D:3      | Gained mutation: You are clumsy. (Dex -2) [potion of mutation]
  2099 | D:3      | Gained mutation: Your movements are slightly less encumbered by armour. (ER -2) [potion of mutation]
  2445 | D:4      | Found Tiloke's Assorted Antiques.
  2621 | D:4      | Found Nirha's Antique Armour Emporium.
  2717 | D:4      | Reached XP level 7. HP: 36/60 MP: 6/6
  2803 | D:4      | Reached skill level 6 in Long Blades
  2960 | D:4      | Found Fogau's Distillery.
  2978 | D:4      | Bought a potion of heal wounds for 60 gold pieces
  2978 | D:4      | Bought a potion of heal wounds for 60 gold pieces
  3212 | D:4      | Found a shadowy altar of Dithmenos.
  3212 | D:4      | Noticed Natasha
  3246 | D:4      | Killed Natasha
  3382 | D:5      | Entered Level 5 of the Dungeon
  3507 | D:5      | Found a staircase to the Ecumenical Temple.
  3515 | Temple   | Entered the Ecumenical Temple
  3715 | Temple   | Became a worshipper of Qazlal Stormbringer
  3760 | D:5      | Reached skill level 5 in Fighting
  3760 | D:5      | Reached skill level 7 in Long Blades
  3881 | D:5      | Found Kytri's Distillery.
  3943 | D:5      | Reached XP level 8. HP: 68/68 MP: 7/7
  4292 | D:6      | Found a deep blue altar of Sif Muna.
  4500 | D:6      | Reached skill level 8 in Long Blades
  4641 | D:6      | Reached * piety under Qazlal
  4739 | D:6      | Found a glowing golden altar of the Shining One.
  4739 | D:6      | Found a sacrificial altar of Ru.
  4740 | D:6      | Found a hide-covered altar of Uskayaw.
  4812 | D:6      | Reached skill level 1 in Dodging
  5078 | D:7      | Reached skill level 9 in Long Blades
  5304 | D:7      | Got a fabulously ornate robe
  5329 | D:7      | Noticed a hornet
  5333 | D:7      | Paralysed by a hornet for 3 turns
  5341 | D:7      | Killed a hornet
  5341 | D:7      | Reached XP level 9. HP: 45/78 MP: 8/8
  5647 | D:7      | Found Bepicrum's Gadget Shop.
  5715 | D:7      | Reached skill level 1 in Throwing
  6251 | D:8      | Reached skill level 10 in Long Blades
  6756 | D:8      | Reached ** piety under Qazlal
  6838 | D:8      | Noticed Pikel
  6864 | D:8      | Killed Pikel
  6864 | D:8      | Reached XP level 10. HP: 72/86 MP: 3/10
  7629 | D:9      | Noticed Erolcha
  7639 | D:9      | Noticed a death yak
  8002 | D:9      | Reached skill level 10 in Shields
  8213 | D:9      | Reached skill level 11 in Long Blades
  8440 | D:9      | Killed a death yak
  8446 | D:9      | Reached *** piety under Qazlal
  8761 | D:9      | Found a staircase to the Lair.
  8817 | D:9      | Killed Erolcha
  8817 | D:9      | Reached skill level 12 in Long Blades
  8817 | D:9      | Reached skill level 10 in Armour
  8817 | D:9      | Reached XP level 11. HP: 94/94 MP: 3/11
  9539 | Lair:1   | Entered Level 1 of the Lair of Beasts
  9582 | Lair:1   | Gained mutation: Your flesh is heat resistant. (rF+) [potion of beneficial mutation]
  9599 | Lair:1   | HP: 6/142 [porcupine's spines (11)]
  9610 | Lair:1   | HP: 7/142 [wolf (3)]
  9616 | Lair:1   | Slain by a crocodile

Skill      XL: |  1  2  3  4  5  6  7  8  9 10 11 |
---------------+----------------------------------+-----
Shields        | 4 5 6 7 9 11 | 11.7
Long Blades    | 3 4 5 7 9 10 12 | 12.2
Armour         | 4 5 6 7 9 10 | 10.1
Fighting       | 4 5 6 7 8 |  8.5
Dodging        | 1 2 |  2.1
Throwing       | 1 2 |  2.6

Action                   |  1- 3 |  4- 6 |  7- 9 | 10-12 || total
-------------------------+-------+-------+-------+-------++-------
Melee: Long sword        |   118 |   171 |   441 |   338 ||  1068
       Headbutt          |    19 |    31 |    91 |    65 ||   206
Throw: Javelin           |       |     2 |    15 |    21 ||    38
  Use: Potion            |       |     4 |     1 |     8 ||    13
       Scroll            |       |     3 |     1 |    16 ||    20
  Eat: Bread ration      |       |     2 |     4 |     1 ||     7
       Beef jerky        |       |       |     2 |       ||     2
       Royal jelly       |       |       |     1 |     1 ||     2
       Meat ration       |       |       |       |     1 ||     1
       Pizza             |       |       |       |     1 ||     1
Armor: Scale mail        |    15 |       |       |       ||    15
       Plate armour      |    74 |   104 |   214 |   128 ||   520
       Skin              |       |       |       |    10 ||    10
Dodge: Dodged            |    18 |    32 |    76 |    71 ||   197
Block: Shield            |    70 |    78 |   273 |   272 ||   693
       Rpst.: Long sword |     5 |    10 |    20 |    18 ||    53
